 Dungeon Crawl Stone Soup version 0.18.1-51-gd549091e01 (webtiles) character file.

41 theanonym the Vexing (level 3, -3/26 HPs)
             Began as a Mummy Enchanter on Sept 1, 2021.
             Slain by Crazy Yiuf
             ... wielding a +3 quarterstaff of chaos
              (11 damage)
             ... on level 2 of the Dungeon.
             The game lasted 00:01:58 (1545 turns).

theanonym the Vexing (Mummy Enchanter)              Turns: 1545, Time: 00:01:58

Health: -3/26      AC:  9    Str: 12    XL:     3   Next: 32%
Magic:  6/6        EV:  5    Int: 18    God:
Gold:   111        SH:  0    Dex: 12    Spells: 1 memorised, 5 levels left

rFire  x . .     SeeInvis .     a - +1 dagger
rCold  + . .     Gourm    .     h - +0 chain mail
rNeg   + + +     Faith    .     (no shield)
rPois  ∞         Spirit   .     (no helmet)
rElec  .         Dismiss  .     (no cloak)
rCorr  .         Reflect  .     i - +0 pair of gloves
SustAt .         Harm     .     (no boots)
MR     .....                    (no amulet)
Stlth  ..........               (no ring)
                                f - +4 ring of intelligence

@: not resistant to hostile enchantments, extremely unstealthy
A: no food or potions, fire vulnerability, cold resistance 1, negative energy
resistance 3, torment resistance, unbreathing
a: no special abilities


Innate Abilities, Weirdness & Mutations

You do not eat or drink.
Your flesh is vulnerable to fire.
You are immune to poison.
Your flesh is cold resistant.
You are immune to negative energy.
You are immune to unholy pain and torment.
You can survive without breathing.


   Skills:
 + Level 1.6 Fighting
 * Level 2.1 Short Blades
 - Level 1.5 Dodging
 - Level 2.4 Stealth
 - Level 2.0 Spellcasting
 - Level 2.6 Hexes


You had 5 spell levels left.
You knew the following spells:

 Your Spells              Type           Power        Failure   Level  Hunger
a - Corona                Hex            ##.....      100%        1    N/A

Skill      XL: |  1  2 |
---------------+-------+-----
Short Blades   | 1 2 |  2.1
Fighting       | 1 |  1.6
Dodging        | |  1.5
Stealth        | |  2.4
Spellcasting   | |  2.0
Hexes          | |  2.6

Action                   || total
-------------------------++-------
Melee: Dagger            ||   149
  Use: Scroll            ||     3
 Stab: Sleeping          ||     4
Armor: Robe              ||    11
       Chain mail        ||    63
       Scale mail        ||     2
Dodge: Dodged            ||    79

Inventory:

Hand Weapons
 a - a +1 dagger (weapon)
Armour
 h - a +0 chain mail (worn)
   (You found it on level 2 of the Dungeon)
 i - a +0 pair of gloves (worn)
   (You found it on level 2 of the Dungeon)
Jewellery
 f - a +4 ring of intelligence (left hand)
   (You found it on level 1 of the Dungeon)
Scrolls
 b - a scroll of amnesia {unknown}
 e - a scroll of random uselessness
 n - 3 scrolls of remove curse
Books
 c - a book of Maledictions
 j - a book of the Dragon
   (You found it on level 2 of the Dungeon)


You were on level 2 of the Dungeon.
You were not hungry.

You visited 1 branch of the dungeon, and saw 2 of its levels.

You collected 111 gold pieces.

Dungeon Overview and Level Annotations

Branches:
Dungeon (2/15)

Altars:

Annotations:
D:2 Crazy Yiuf

....#
#.......÷....####.#.######
###.####.####.##...##
#.........
#...........##...##
##.#######
########.####..#..# #.#
#.# #.###.# #.# #.#
#..#..# #.# #######.##
##...######.#######
###.#.).#..#
#...<......#......
##..#.)#....#
##@.#########.#####
'.####..))..###g..## #.#
### ##..#)###.#...## #.#
####..........# #.#
##.##.#...## #.#
#.###...## #.# ### #.#
##.## #####.# ####.# #.#
#.# #.....# .>##># #.# #.#
#.#####


You could see Crazy Yiuf.

Notes
Turn   | Place    | Note
--------------------------------------------------------------
     0 | D:1      | theanonym the Mummy Enchanter began the quest for the Orb.
     0 | D:1      | Reached XP level 1. HP: 13/13 MP: 3/3
   177 | D:1      | Reached skill level 1 in Short Blades
   180 | D:1      | Reached skill level 1 in Fighting
   252 | D:1      | Reached XP level 2. HP: 21/21 MP: 5/5
   275 | D:1      | HP: 10/21 [hobgoblin/club (5)]
  1209 | D:2      | Reached skill level 2 in Short Blades
  1209 | D:2      | Reached XP level 3. HP: 16/26 MP: 6/6
  1521 | D:2      | Noticed Crazy Yiuf
  1527 | D:2      | HP: 12/26 [Crazy Yiuf/quarterstaff of chaos (2)]
  1544 | D:2      | HP: 9/26 [Crazy Yiuf/quarterstaff of chaos (5)]
  1545 | D:2      | Slain by Crazy Yiuf

Vanquished Creatures
  An adder (D:2)
  An ooze (D:2)
  2 giant geckos (D:1)
  4 bats
  2 giant cockroaches (D:2)
  3 goblins
  5 hobgoblins
  A giant newt (D:1)
  2 kobolds (D:1)
  6 rats
27 creatures vanquished.

Table legend:
 A = Turns spent in this place as a percentage of turns spent in the entire game.
 B = Non-inter-level travel turns spent in this place as a percentage of non-inter-level travel turns spent in the entire game.
 C = Inter-level travel turns spent in this place as a percentage of turns spent in this place.
 D = Turns resting spent in this place as a percentage of non-inter-level travel turns spent in this place.
 E = Turns spent auto-exploring this place as a percentage of non-inter-level travel turns spent in this place.
 F = Non-inter-level travel turns spent in this place divided by the number of levels of this place that you've seen.
                   A       B       C       D       E      F
               +-------+-------+-------+-------+-------+----------------------
         Total | 100.0 | 100.0 |   0.3 |   1.0 |  11.6 | 301.0
       Dungeon | 100.0 | 100.0 |   0.3 |   1.0 |  11.6 | 301.0
               +-------+-------+-------+-------+-------+----------------------
